 Dungeon Crawl Stone Soup version 0.30.1-4-g462c640d31 (webtiles) character file.

Game seed: 3344689693459483026

34757 growler the Stormcaller (level 13, -1/78 HPs)
             Began as a Tengu Air Elementalist on Sept 15, 2023.
             Was a High Priest of Hepliaklqana.
             Slain by a lindwurm (14 damage)
             ... on level 4 of the Lair of Beasts.
             The game lasted 00:47:29 (17666 turns).

growler the Stormcaller (Tengu Air Elementalist)   Turns: 17666, Time: 00:47:29

Health: -1/78      AC: 13    Str:  8    XL:     13   Next: 79%
Magic:  5/32       EV: 15    Int: 20    God:    Hepliaklqana [*****.]
Gold:   679        SH:  0    Dex: 16    Spells: 14/24 levels left

rFire   . . .        L - +5 rapier (speed)
rCold   . . .        (no shield)
rNeg    . . .        a - +1 robe
rPois   .            F - +2 hat
rElec   .            n - +2 cloak
rCorr   .            r - +0 pair of gloves
SInv    .            (boots unavailable)
Will    .....        O - amulet of magic regeneration
Stlth   ++           t - +4 ring of protection
HPRegen 0.33/turn    J - ring of magical power
MPRegen 0.63/turn

%: no passive effects
@: swift, flying quickly and evasively, very quick
A: reduced essence, beak, talons 3, nimble flight
a: Renounce Religion, Recall Ancestor, Ancestor Identity, Transference, Idealise


You were on level 4 of the Lair of Beasts.
You worshipped Hepliaklqana.
Hepliaklqana was extremely pleased with you.
You visited 4 branches of the dungeon, and saw 17 of its levels.
You also visited: Gauntlet.

You collected 979 gold pieces.
You spent 300 gold pieces at shops.

Inventory:

Hand Weapons
 s - a +0 dagger of venom
 L - a +5 rapier of speed (weapon)
 X - the +0 dagger of Irritation {heavy, rPois rF+ Dex+3}
   (You found it in a Gauntlet)

   Dex:       It affects your dexterity (+3).
   rF:        It protects you from fire.
   rPois:     It protects you from poison.
Missiles
 v - a throwing net
Armour
 a - a +1 robe (worn)
 n - a +2 cloak (worn)
 r - a +0 pair of gloves (worn)
 F - a +2 hat (worn)
 T - a +0 buckler
 Y - the +4 moon troll leather armour {Spirit, Regen++ MP+5}
   (You found it in a Gauntlet)

   MP:        It affects your magic capacity (+5).
   Regen:     It increases your rate of health regeneration.
Magical Staves
 S - a staff of air
Jewellery
 d - a ring of wizardry
 j - a ring of willpower
 l - a ring of see invisible
 t - a +4 ring of protection (left hand)
 u - a +6 ring of intelligence
 H - a +6 ring of strength
 J - a ring of magical power (right hand)
 O - an amulet of magic regeneration (around neck)
 P - a ring of protection from cold
 R - an amulet of reflection
 V - the ring "Raruxt" {*Corrode Fly rElec rC+}
   (You took it off a minotaur in a Gauntlet)

   [ring of flight]

   rC:        It protects you from cold.
   rElec:     It insulates you from electricity.
   Fly:       It grants you flight.
   *Corrode:  It may corrode you when you take damage.
 Z - a ring of ice
Wands
 f - a wand of polymorph (8)
 p - a wand of iceblast (12)
 y - a wand of acid (11)
 A - a wand of mindburst (5)
 I - a wand of paralysis (7)
 M - a wand of flame (5)
 U - a wand of digging (6)
Scrolls
 c - 2 scrolls of fog
 e - 4 scrolls of immolation
 g - 6 scrolls of fear
 h - 3 scrolls of teleportation
 k - a scroll of enchant armour
 q - 2 scrolls of magic mapping
 w - a scroll of vulnerability {unknown}
 C - 4 scrolls of amnesia
 E - a scroll of brand weapon {unknown}
 Q - 3 scrolls of identify
 W - a scroll of noise {unknown}
Potions
 b - 2 potions of magic
 i - 5 potions of mutation
 m - a potion of ambrosia
 o - 6 potions of curing
 x - 2 potions of resistance
 z - 4 potions of attraction
 B - 5 potions of brilliance
 D - 3 potions of might
 G - 2 potions of cancellation
 K - a potion of berserk rage
 N - 2 potions of haste


   Skills:
 + Level 12.6 Fighting
 + Level 13.1 Short Blades
 - Level 2.1 Dodging
 - Level 2.0 Stealth
 - Level 6.0 Spellcasting
 - Level 6.0 Conjurations
 + Level 17.8 Air Magic


You had 14 spell levels left.
You knew the following spells:

 Your Spells              Type           Power      Damage    Failure   Level
a - Shock                 Conj/Air       100%       1d9       1%          1
b - Static Discharge      Conj/Air       100%       2-7/arc   1%          2
c - Swiftness             Air            67%        N/A       1%          3
d - Airstrike             Air            33%        2d(5-21)  1%          4

Your spell library contained the following spells:

 Spells                   Type           Power      Damage    Failure   Level
 Poisonous Vapours        Pois/Air       82%        N/A       1%          2
 Mephitic Cloud           Conj/Pois/Air  37%        N/A       1%          3
 Hailstorm                Conj/Ice       18%        3d6       9%          3
 Stone Arrow              Conj/Erth      36%        3d9       9%          3
 Apportation              Tloc           12%        N/A       11%         1
 Necrotise                Necr           24%        1d5       11%         1
 Slow                     Hex            24%        N/A       11%         1
 Summon Small Mammal      Summ           24%        N/A       11%         1
 Freezing Cloud           Conj/Ice/Air   18%        6-21      11%         5
 Conjure Ball Lightning   Conj/Air       26%        3x3d7     12%         6
 Blink                    Tloc           12%        N/A       16%         2
 Lesser Beckoning         Tloc           12%        N/A       16%         2
 Iskenderun's Battlesphe  Conj           30%        2d8       24%         5
 Confusing Touch          Hex            6%         N/A       30%         3
 Gell's Gravitas          Tloc           6%         N/A       30%         3
 Ozocubu's Armour         Ice            6%         N/A       30%         3
 Teleport Other           Tloc           6%         N/A       30%         3
 Vampiric Draining        Necr           6%         2d6       30%         3
 Fulminant Prism          Conj/Hex       9%         3d6       30%         4
 Fireball                 Conj/Fire      9%         3d6       63%         5
 Anguish                  Hex/Necr       3%         N/A       71%         4
 Animate Armour           Summ/Erth      12%        N/A       71%         4
 Ice Form                 Ice/Tmut       6%         N/A       71%         4
 Leda's Liquefaction      Hex/Erth       3%         N/A       71%         4
 Manifold Assault         Tloc           6%         N/A       71%         4
 Summon Ice Beast         Ice/Summ       6%         N/A       71%         4
 Storm Form               Tmut/Air       20%        N/A       92%         7
 Simulacrum               Ice/Necr       3%         N/A       100%        6
 Orb of Destruction       Conj           15%        9d7       100%        7
 Ozocubu's Refrigeration  Ice            3%         4d8       100%        7
 Lehudib's Crystal Spear  Conj/Erth      9%         10d4      100%        8


Dungeon Overview and Level Annotations

Branches:
Dungeon (11/15)            Temple (1/1) D:4            Lair (4/5) D:8
 Shoals (0/4) Lair:3        Snake (1/4) Lair:2          Orc (0/2) D:10
Gauntlet (visited)
  Slime: Lair:4-5

Altars:
Ashenzari
Cheibriados
Dithmenos
Elyvilon
Fedhas
Hepliaklqana
Kikubaaqudgha
Makhleb
Nemelex Xobeh
Okawaru
Qazlal
Ru
Sif Muna
Trog
Uskayaw
Vehumet
Wu Jian
Xom
Yredelemnul
Zin
The Shining One

Shops:
D:4 =   D:10 !==

Annotations:
D:4 1 runed translucent door, laqueoix's ghost, novice MiFi
D:5 1 runed translucent door, Squincus's ghost, novice OgBe
D:8 2 transporters, rozman's ghost, novice DrTm


Innate Abilities, Weirdness & Mutations

Your life essence is reduced to manifest your ancestor. (-10% HP)
You have a beak for a mouth.
You have claws for feet.
Your magical nature lets you fly swiftly and evasively.


Message History

The water moccasin is almost dead.
You feel sick.
You puncture the water moccasin!
You kill the water moccasin!
You start resting.
You feel sick. x3
You are no longer poisoned.
You start resting.
A lindwurm comes into view.
Casting: Airstrike (safe; 1% risk of failure)
Confirm with . or Enter, or press ? or * to list all spells.
Aiming: Airstrike (safe; 1% risk of failure)
Press: ? - help, Dir - move target, f - lindwurm
Aim: a lindwurm (wandering, hasn't noticed you, empty space bonus: 5/8)
The air twists around and strikes the lindwurm!
The lindwurm roars!
The lindwurm is moderately wounded.
Casting: Airstrike (safe; 1% risk of failure)
Confirm with . or Enter, or press ? or * to list all spells.
Aiming: Airstrike (safe; 1% risk of failure)
Press: ? - help, Dir - move target, f/p - lindwurm
Aim: a lindwurm (moderately wounded, empty space bonus: 8/8)
The air twists around and strikes the lindwurm!
The lindwurm is heavily wounded.
A bullfrog comes into view.
A wyvern comes into view.
A komodo dragon comes into view.
Found a scroll of identify.
As you read the scroll of magic mapping, it crumbles to dust.
You feel aware of your surroundings.
The komodo dragon hisses angrily.
Casting: Airstrike (safe; 1% risk of failure)
Confirm with . or Enter, or press ? or * to list all spells.
You feel quick. The wyvern bites you! The lindwurm breathes flames at you.
The blast of flame hits you!
* * * LOW HITPOINT WARNING * * *
Unknown command.
The wyvern attacks as you move away! The wyvern misses you.
The lindwurm bites you!
You die...

,,,,,.................,,,,,,,,,,,
,,,,............#.......,,,,,,,,*
,,,,F...................,,,,,,,,,
,,,,....................,,,,,,,,,
*,,,.............l......,,,,,,,,,
*,,,....................,,,,,,,,,
,,,,....................,,,,,,,,,
,,*,....................<,,,,,,,,
**,,...........l@.......,,,,,,,,,
**,#..........k........,,,,,,,,,
**..............>.....,,,,,,,,,
*.#............!.....,,,,,,,,,
**#..#..............>,,,,,,,,,
*........#..†........,,,,,,,,>
**#..P................,,,,,,,,*
*,....................,,,,,,,**
**,.P^................,,,,,,,*


You could see a lindwurm (catching breath), a komodo dragon and a wyvern.

Vanquished Creatures
  A reaper (Gauntlet)
  A minotaur (Gauntlet)
  6 hydras
  A catoblepas (Lair:3)
  2 two-headed ogres
  A vampire mage (D:9)
  A death yak (Lair:3)
  A necromancer (Gauntlet)
  3 lindwurms (Lair:2)
  A merfolk siren (Lair:3)
  4 black mambas
  A gargoyle (D:10)
  3 cane toads
  A rime drake (Lair:3)
  A tengu conjurer (Gauntlet)
  9 komodo dragons
  A kobold demonologist (D:11)
  2 trolls (D:11)
  A polar bear (Lair:3)
  2 hornets
  9 blink frogs
  A dream sheep (Lair:3)
  Sigmund (D:3)
  A wraith (D:9)
  16 yaks
  Eustachio (D:6)
  A shadow (D:9)
  A wyvern (Lair:3)
  A basilisk (Lair:3)
  A steam dragon (D:7)
  3 vampire mosquitoes (D:8)
  13 water moccasins
  An orc warrior (D:11)
  2 ice beasts (D:7)
  16 wolves
  3 centaurs
  3 kobold brigands
  A phantom (D:5)
  A gnoll sergeant (D:9)
  4 bullfrogs
  4 scorpions
  8 wights
  12 killer bees
  4 howler monkeys
  2 electric eels (D:10)
  4 jellies
  Crazy Yiuf (D:2)
  A gnoll bouda (D:5)
  2 hounds
  Ijyb (D:3)
  7 orc priests
  12 iguanas
  4 sleepcaps
  9 orc wizards
  6 adders
  13 gnolls
  2 shadow imps
  11 white imps
  3 dart slugs
  25 orcs
  6 endoplasms
  3 giant cockroaches
  9 goblins
  5 hobgoblins
  6 jackals (D:1)
  7 kobolds
  5 quokkas
  4 ball pythons
  2 bats
  6 frilled lizards
  5 rats (D:1)
312 creatures vanquished.

Vanquished Creatures (collateral kills)
  A catoblepas (Lair:2)
  A death yak (Lair:3)
  A tengu warrior (Gauntlet)
  A black mamba (Lair:3)
  An elephant (Lair:3)
  A cane toad (Lair:4)
  2 minotaur zombies (Gauntlet)
  2 blink frogs (Lair:1)
  A vampire (D:9)
  7 yaks
  A basilisk (Lair:1)
  2 vampire mosquitoes
  2 water moccasins
  An orc warrior (D:9)
  A wolf (Lair:2)
  A kobold brigand (D:11)
  2 wights (D:8)
  3 killer bees
  An orc priest (D:9)
  3 iguanas (Lair:1)
  A gnoll (D:8)
  4 white imps
  An orc (D:9)
  4 butterflies (Lair:2)
45 creatures vanquished.

Vanquished Creatures (others)
  A dream sheep (Lair:3)
  8 hexers
  An ancestor (D:6)
10 creatures vanquished.

Grand Total: 367 creatures vanquished

Notes
Turn   | Place    | Note
-------+----------+-------------------------------------------
     0 | D:1      | growler the Tengu Air Elementalist began the quest for the
                  | Orb.
     0 | D:1      | Reached XP level 1. HP: 10/10 MP: 4/4
   205 | D:1      | Reached XP level 2. HP: 15/15 MP: 4/6
   208 | D:1      | Learned a level 2 spell: Static Discharge
   629 | D:1      | Reached XP level 3. HP: 19/19 MP: 2/7
   644 | D:1      | Learned a level 3 spell: Swiftness
  1370 | D:2      | Reached XP level 4. HP: 24/24 MP: 3/9
  1433 | D:2      | Reached skill level 5 in Air Magic
  1753 | D:2      | Found a runed translucent door.
  1754 | D:2      | Noticed Crazy Yiuf
  1889 | D:3      | Gained mutation: Your magical nature lets you fly swiftly
                  | and evasively. [Tengu growth]
  1889 | D:3      | Reached XP level 5. HP: 28/28 MP: 6/10
  1970 | D:2      | Killed Crazy Yiuf
  2069 | D:3      | Noticed Sigmund
  2080 | D:3      | Learned a level 4 spell: Airstrike
  2230 | D:3      | Noticed Ijyb
  2241 | D:3      | Killed Ijyb
  2601 | D:3      | Found a faded altar of an unknown god.
  2799 | D:3      | Killed Sigmund
  2800 | D:3      | Reached skill level 5 in Conjurations
  2800 | D:3      | Reached skill level 6 in Air Magic
  2800 | D:3      | Reached XP level 6. HP: 6/32 MP: 2/12
  3230 | D:4      | Reached XP level 7. HP: 28/36 MP: 6/14
  3344 | D:4      | Found an iron altar of Okawaru.
  3344 | D:4      | Identified the +2 robe of the Evil One {Contam Rampage
                  | Slay+4}
  3354 | D:4      | Found a runed translucent door.
  3354 | D:4      | Noticed laqueoix's ghost (novice MiFi)
  3630 | D:4      | Reached skill level 7 in Air Magic
  3712 | D:4      | Found Yzodiem's Jewellery Emporium.
  3877 | D:4      | Found a staircase to the Ecumenical Temple.
  3936 | Temple   | Entered the Ecumenical Temple
  4019 | Temple   | Became a worshipper of Hepliaklqana the Forgotten
  4133 | D:5      | Entered Level 5 of the Dungeon
  4179 | D:5      | Found a glowing golden altar of the Shining One.
  4530 | D:5      | Reached skill level 5 in Spellcasting
  4699 | D:5      | Found a runed translucent door.
  4760 | D:5      | Reached XP level 8. HP: 41/41 MP: 14/16
  4781 | D:5      | Reached skill level 8 in Air Magic
  4904 | D:5      | Reached skill level 1 in Fighting
  5534 | D:5      | Noticed Squincus's ghost (novice OgBe)
  5573 | D:6      | Reached * piety under Hepliaklqana
  5745 | D:6      | Noticed Eustachio
  5750 | D:6      | Killed Eustachio
  5934 | D:6      | Identified the +2 long sword "Giczeu" {venom, Str+3}
  5996 | D:6      | Reached skill level 9 in Air Magic
  6024 | D:6      | Found a broken altar of Ashenzari.
  6156 | D:6      | Noticed a yak
  6168 | D:6      | Killed a yak
  6235 | D:6      | Noticed a two-headed ogre
  6298 | D:6      | Killed a two-headed ogre
  6299 | D:6      | Reached skill level 10 in Air Magic
  6299 | D:6      | Reached XP level 9. HP: 46/46 MP: 6/19
  6824 | D:7      | Reached skill level 5 in Fighting
  7080 | D:7      | Reached skill level 11 in Air Magic
  7363 | D:7      | Reached skill level 5 in Short Blades
  7592 | D:7      | Reached XP level 10. HP: 21/54 MP: 3/20
  8651 | D:8      | Reached ** piety under Hepliaklqana
  8652 | D:8      | Remembered your ancestor Reggie B. as a hexer
  8701 | D:8      | Found a burning altar of Makhleb.
  8701 | D:8      | Found a shadowy altar of Dithmenos.
  8850 | D:8      | Found a sparkling altar of Nemelex Xobeh.
  8867 | D:8      | Found a transporter.
  8868 | D:8      | Noticed rozman's ghost (novice DrTm)
  8873 | D:8      | Found a staircase to the Lair.
  8896 | D:8      | Found a transporter.
  8951 | D:8      | Found a shimmering blue altar of Sif Muna.
  9035 | D:8      | Reached skill level 12 in Air Magic
  9203 | D:8      | Found a hide-covered altar of Uskayaw.
 10341 | D:9      | Reached skill level 13 in Air Magic
 10473 | D:9      | Noticed a vampire mage
 10478 | D:9      | Killed a vampire mage
 10479 | D:9      | Reached XP level 11. HP: 61/61 MP: 8/21
 10876 | D:10     | Entered Level 10 of the Dungeon
 11051 | D:10     | Found Lahojug's Jewellery Shoppe.
 11151 | D:10     | Bought an amulet of magic regeneration for 300 gold pieces
 11172 | D:10     | Found Somih's Jewellery Shop.
 11280 | D:10     | Found Erymm's Distillery.
 11338 | D:10     | Found a staircase to the Orcish Mines.
 11548 | D:10     | Identified the +1 leather armour "Abrok" {Stlth+}
 11576 | D:10     | Found a bloodstained altar of Trog.
 11577 | D:10     | Found a glowing silver altar of Zin.
 11727 | D:11     | Found an ornate altar of the Wu Jian Council.
 12050 | D:11     | Reached skill level 14 in Air Magic
 12057 | D:11     | Noticed a two-headed ogre
 12071 | D:11     | Killed a two-headed ogre
 12187 | D:11     | Reached *** piety under Hepliaklqana
 12796 | Lair:1   | Entered Level 1 of the Lair of Beasts
 13382 | Lair:1   | Found a frozen archway.
 13396 | Lair:1   | Reached XP level 12. HP: 28/69 MP: 22/22
 13412 | Lair:1   | Reached skill level 10 in Short Blades
 13587 | Lair:1   | Reached skill level 15 in Air Magic
 13598 | Lair:1   | Reached skill level 10 in Fighting
 13653 | Lair:1   | Noticed a four-headed hydra
 13681 | Lair:1   | Killed a four-headed hydra
 14423 | Lair:2   | Reached **** piety under Hepliaklqana
 14853 | Lair:2   | Found a staircase to the Snake Pit.
 14931 | Lair:2   | Noticed a catoblepas
 14942 | Lair:2   | Killed a catoblepas
 14943 | Lair:2   | Reached skill level 16 in Air Magic
 15425 | Snake:1  | Entered Level 1 of the Snake Pit
 15580 | Lair:3   | Noticed a seven-headed hydra
 15585 | Lair:3   | Killed a seven-headed hydra
 15694 | Lair:3   | Reached XP level 13. HP: 55/75 MP: 23/23
 15895 | Lair:3   | Reached ***** piety under Hepliaklqana
 15928 | Lair:3   | Found a gate leading to a gauntlet.
 15938 | Gauntlet | Entered a Gauntlet
 15938 | Gauntlet | Found a transporter.
 15938 | Gauntlet | Found a transporter.
 15942 | Gauntlet | Found a transporter.
 15942 | Gauntlet | Found a transporter.
 15945 | Gauntlet | Found a transporter.
 15945 | Gauntlet | Found a transporter.
 15947 | Gauntlet | Found a large runed translucent door.
 15948 | Gauntlet | Found a large runed translucent door.
 15949 | Gauntlet | Found a large runed translucent door.
 15949 | Gauntlet | Found a large runed translucent door.
 15949 | Gauntlet | Found a runed translucent door.
 15950 | Gauntlet | Found a large runed translucent door.
 15951 | Gauntlet | Found a large runed translucent door.
 15952 | Gauntlet | Found a large runed translucent door.
 15952 | Gauntlet | Found a large runed translucent door.
 15953 | Gauntlet | Found a runed translucent gate.
 15955 | Gauntlet | Found a transporter.
 15959 | Gauntlet | Found a transporter.
 15965 | Gauntlet | Noticed a reaper
 15969 | Gauntlet | Found a transporter.
 16064 | Gauntlet | Found a large runed translucent door.
 16065 | Gauntlet | Found a large runed translucent door.
 16066 | Gauntlet | Found a large runed translucent door.
 16066 | Gauntlet | Found a large runed translucent door.
 16066 | Gauntlet | Found a runed translucent door.
 16067 | Gauntlet | Found a large runed translucent door.
 16068 | Gauntlet | Found a large runed translucent door.
 16069 | Gauntlet | Found a large runed translucent door.
 16069 | Gauntlet | Found a large runed translucent door.
 16070 | Gauntlet | Found a runed translucent gate.
 16070 | Gauntlet | Found a runed translucent gate.
 16072 | Gauntlet | Found a transporter.
 16076 | Gauntlet | Found a transporter.
 16091 | Gauntlet | Found a transporter.
 16374 | Gauntlet | HP: 2/76 [reaper/+1 antimagic scythe (12)]
 16376 | Gauntlet | Killed a reaper
 16377 | Gauntlet | Reached skill level 17 in Air Magic
 16569 | Gauntlet | Found the +4 moon troll leather armour {Spirit, Regen++
                  | MP+5}
 16569 | Gauntlet | Identified the +6 scimitar "Tormentor" {flame, rF++ rN+
                  | rCorr}
 16569 | Gauntlet | Identified the ring "Raruxt" {*Corrode Fly rElec rC+}
 16569 | Gauntlet | Noticed a minotaur
 16592 | Gauntlet | Killed a minotaur
 16775 | Gauntlet | Identified the +0 dagger of Irritation {heavy, rPois rF+
                  | Dex+3}
 17161 | Lair:3   | Found a staircase to the Shoals.
 17397 | Lair:3   | Identified the staff of air "Ikhlol" {Drain rElec rC-
                  | Will+++ Dex+8}
 17403 | Lair:3   | Got the Annotations on the Frore Jinx
 17634 | Lair:3   | You are sucked into a shaft and drop 1 floor!
 17666 | Lair:4   | Slain by a lindwurm

Illustrated notes

Levels and vault maps discovered:
D:1:      lightli_arrival_isolated_outpost, layout_loops_ring,
          nicolae_grassy_gnolls
D:2:      layout_rooms, hangedman_decor_points, uniq_crazy_yiuf_cottage
D:3:      layout_loops_ring, ebering_ecumenical_altar_rust,
          nrook_mini_backslash, minivault_19, minivault_11,
          chequers_serial_rivers_micro_e, uniq_sigmund, uniq_ijyb
D:4:      layout_rooms, nicolae_overflow_crystal_walls,
          minmay_temple_entry_poolview, serial_shops, shop,
          hellmonk_ghost_happy_afterlife
D:5:      layout_layer_cave, lemuel_round_altar, ebering_ghost_reflecting_pool,
          minmay_misc_feat_roman
D:6:      layout_rooms, lemuel_coloured_pillars_altar, kb_rosetta,
          uniq_eustachio
D:7:      layout_basic, minmay_fractal_squares_5
D:8:      layout_basic, nicolae_uskayaw_murder_on_the_dancefloor,
          nemelex_diamond_rough_becter, tgw_sif,
          chequers_temple_overflow_statue_of_worship, dpeg_oklobed_lair,
          gammafunk_ghost_smash, minmay_misc_feat_hallway, grunt_decor_clamped,
          hangedman_abyss_or_decor_stagger
D:9:      layout_rooms, minmay_librarian
D:10:     layout_cave_pools, nicolae_overflow_two_pavilions, orc_0_dummy,
          serial_shops, shop, nicolae_shop_back_alley_shop, shop,
          nicolae_concentric_dashed_squares_mild
D:11:     layout_basic, serial_rivers, chequers_serial_rivers_room_a,
          chequers_serial_rivers_large_b, chequers_serial_rivers_small_a,
          chequers_serial_rivers_marsh, chequers_serial_rivers_micro_a,
          chequers_serial_rivers_micro_d, nicolae_wu_jian_wuxing_cycle
Temple:   minmay_temple_bridge_abc
Lair:1:   beast_lair_carwin_large_4, layout_gridlike,
          portal_ice_cave_entry_imps, grunt_megastairs_4
Lair:2:   beast_lair_carwin_large_2, layout_gridlike, dummy_snake_entry,
          nicolae_lair_lindhole, infiniplex_staircase_pool_2,
          lemuel_fruit_fields
Lair:3:   nzn_winding_woodlands_large [nzn_winding_woodlands_5x5_three,
          nzn_winding_woodlands_5x15_pool, nzn_winding_woodlands_5x5_open_star,
          nzn_winding_woodlands_center_pierced_h,
          nzn_winding_woodlands_15x15_five_gardens,
          nzn_winding_woodlands_center_diamonds,
          nzn_winding_woodlands_5x5_cross, nzn_winding_woodlands_5x15_zeroes,
          nzn_winding_woodlands_5x5_default], layout_gridlike,
          elwin_shoals_entry_rooms, gauntlet_entry_generic
Lair:4:   layout_cave_shapes, grunt_forest_large_clearings, uniq_snorg
Snake:1:  layout_chambers, serial_shops, shop

Skill      XL: |  1  2  3  4  5  6  7  8  9 10 11 12 13 |
---------------+----------------------------------------+-----
Conjurations   | 2 3 5 6 |  6.0
Air Magic      | 5 6 7 10 11 13 14 16 17 | 17.8
Spellcasting   | 3 4 5 6 |  6.0
Fighting       | 4 6 8 9 11 12 | 12.6
Short Blades   | 3 5 7 9 11 13 | 13.1
Dodging        | |  2.1
Stealth        | |  2.0

Action                     |  1- 3 |  4- 6 |  7- 9 | 10-12 | 13-15 || total
---------------------------+-------+-------+-------+-------+-------++-------
  Melee: Unarmed           |       |     1 |       |       |       ||     1
         Dagger            |       |     1 |    23 |    51 |       ||    75
         Kick              |       |       |     7 |    66 |    30 ||   103
         Peck              |       |       |     3 |    38 |    25 ||    66
         Rapier            |       |       |       |   101 |    62 ||   163
         Punch             |       |       |       |     4 |       ||     4
   Cast: Shock             |    66 |    61 |   166 |    14 |       ||   307
         Static Discharge  |       |     8 |     9 |    38 |     9 ||    64
         Airstrike         |       |     1 |    32 |   210 |    83 ||   326
         Swiftness         |       |       |       |       |     1 ||     1
 Invoke: Ancestor Identity |       |       |     1 |       |       ||     1
         Recall Ancestor   |       |       |     1 |     5 |     3 ||     9
         Ancestor Life: He |       |       |       |     1 |       ||     1
  Evoke: Wand              |       |       |     1 |       |     8 ||     9
    Use: Scroll            |       |     6 |     3 |    15 |     3 ||    27
         Potion            |       |       |     1 |       |     2 ||     3
   Stab: Confused          |       |       |       |     7 |     3 ||    10
         Sleeping          |       |       |       |     1 |       ||     1
         Distracted        |       |       |       |       |     2 ||     2
 Armour: Robe              |       |       |     6 |    37 |    16 ||    59
  Dodge: Dodged            |       |     6 |    30 |   121 |    42 ||   199
